 Dungeon Crawl Stone Soup version 0.25-a0-939-g1e880d33e3 (webtiles) character file.

Game seed: 15494310835256940215, levelgen mode: deterministic

891 Viens1 the Magician (level 7, -5/38 HPs)
             Began as a Deep Elf Fire Elementalist on May 5, 2020.
             Killed from afar by Blork the orc (10 damage)
             ... with a puff of frost
             ... on level 6 of the Dungeon.
             The game lasted 00:17:32 (5952 turns).

Viens1 the Magician (Deep Elf Fire Elementalist)    Turns: 5952, Time: 00:17:32

Health: -5/38      AC:  3    Str:  5    XL:     7   Next: 78%
Magic:  16/19      EV: 13    Int: 22    God:
Gold:   192        SH:  4    Dex: 15    Spells: 9/19 levels left

rFire    . . .     SeeInvis .   t - +3 dagger
rCold    . . .     Gourm    .   q - +0 buckler
rNeg     . . .     Faith    .   a - +0 robe
rPois    .         Spirit   .   y - +0 helmet (curse)
rElec    .         Reflect  .   v - scarf {cloud immunity}
rCorr    .         Harm     .   (no gloves)
MR       .....                  (no boots)
Stlth    ++........             j - amulet of inaccuracy (curse)
HPRegen  0.12/turn              (no ring)
MPRegen  0.16/turn              (no ring)

@: very slightly contaminated
A: no striking features
a: no special abilities


You were on level 6 of the Dungeon.
You were not hungry.

You visited 1 branch of the dungeon, and saw 6 of its levels.
You also visited: Sewer.

You collected 192 gold pieces.

Inventory:

Hand Weapons
 e - a +0 dagger
 o - a +2 morningstar of holy wrath
 t - a +3 dagger (weapon)
Armour
 a - a +0 robe (worn)
 f - the +2 leather armour of the Storm King {MR+ rCorr, unknown}
   (You found it on level 5 of the Dungeon)

   It affects your resistance to hostile enchantments.
   It provides partial protection from all sources of acid and corrosion.
 q - a +0 buckler (worn)
 v - a scarf of cloud immunity (worn)
 y - a cursed +0 helmet (worn)
Jewellery
 j - a cursed amulet of inaccuracy (around neck)
Wands
 r - a wand of iceblast (8)
Scrolls
 b - a scroll of identify
 i - a scroll of blinking
 p - 2 scrolls of remove curse {unknown}
 s - a scroll of magic mapping {unknown}
 A - a scroll of amnesia {unknown}
Potions
 g - 2 potions of flight
 h - a potion of stabbing {unknown}
 k - a potion of berserk rage {unknown}
 l - 2 potions of brilliance
 m - a potion of mutation {unknown}
 n - 4 potions of might
 u - a potion of curing {unknown}
 w - a potion of haste
 x - a potion of magic {unknown}
Comestibles
 c - 6 rations


   Skills:
 + Level 1.2 Fighting
 + Level 3.3 Dodging
 - Level 2.4 Stealth
 + Level 1.3 Shields
 + Level 6.7 Spellcasting
 + Level 5.1 Conjurations
 + Level 6.2 Fire Magic


You had 9 spell levels left.
You knew the following spells:

 Your Spells              Type           Power        Failure   Level  Hunger
a - Foxfire               Conj/Fire      ####         1%          1    None
b - Sticky Flame          Conj/Fire      ####....     12%         4    ###....
c - Fireball              Conj/Fire      ####......   32%         5    #####..

Your spell library contained the following spells:

 Spells                   Type           Power        Failure   Level  Hunger
 Conjure Flame            Conj/Fire      ####....     3%          3    #......
 Inner Flame              Hex/Fire       ###.....     10%         3    #......
 Corpse Rot               Necr/Air       N/A          19%         2    None
 Sublimation of Blood     Necr           #.........   19%         2    None
 Dispel Undead            Necr           #.......     75%         4    ###....
 Agony                    Necr           #.......     97%         5    #####..
 Excruciating Wounds      Chrm/Necr      #.........   97%         5    #####..


Dungeon Overview and Level Annotations

Branches:
Dungeon (6/15)              Sewer (visited)
 Temple: D:4-7

Altars:
Elyvilon
Fedhas
Gozag
Kikubaaqudgha
Wu Jian
Yredelemnul
The Shining One

Annotations:
D:5 Pikel, Sigmund
D:6 Blork the orc


Message History

You can't see any susceptible monsters within range! (Use Z to cast anyway.)
Casting: Foxfire (safe; 1% risk of failure)
Confirm with . or Enter, or press ? or * to list all spells.
Nothing appears to happen.
Something hits you.
Casting: Foxfire (safe; 1% risk of failure)
Confirm with . or Enter, or press ? or * to list all spells.
You can't see any susceptible monsters within range! (Use Z to cast anyway.)
Casting: Foxfire (safe; 1% risk of failure)
Confirm with . or Enter, or press ? or * to list all spells.
Nothing appears to happen.
Something hits you!
* * * LOW HITPOINT WARNING * * *
Okay, then.
Blink to where?
Press: ? - help, Dir - move target cursor You are very lightly contaminated with residual magic.
As you read the scroll labeled BADIHI OMISTRU, it crumbles to dust.
It was a scroll of blinking.
A puff of frost appears from out of thin air!
The puff of frost hits you!
You die...

######.#####+###
........).#.....#
......#...'.....#
......+.........####
.....
###+#.....#..###
##+#. ##....#....# +
+....#....#
#....#....#
##+#@........#
................#
...........#..+##
................#
.....>..........#
....#######......#
.... #.......### ...
#.........#
#.........#


There were no monsters in sight!

Vanquished Creatures
  Menkaure (D:5)
  A sky beast (D:6)
  3 big kobolds (Sewer)
  A bullfrog skeleton (D:4)
  An iguana (D:4)
  Jessica (D:2)
  An orc wizard (D:5)
  2 worker ants (D:4)
  Terence (D:2)
  7 gnolls
  5 adders
  A shadow imp (D:4)
  6 oozes
  An adder zombie (D:6)
  An adder skeleton (D:4)
  4 worms
  A dart slug (D:1)
  3 leopard geckos
  18 orcs
  13 bats
  4 giant cockroaches
  11 goblins
  3 hobgoblins
  10 jackals
  9 kobolds
  A quokka (D:3)
  3 ball pythons
  2 frilled lizards
  A leopard gecko skeleton (D:6)
  2 quokka skeletons (D:4)
  11 rats
129 creatures vanquished.

Vanquished Creatures (collateral kills)
  2 goblins (D:3)
  2 rats
4 creatures vanquished.

Vanquished Creatures (others)
  385 foxfires
385 creatures vanquished.

Grand Total: 518 creatures vanquished

Notes
Turn   | Place    | Note
-------+----------+-------------------------------------------
     0 | D:1      | Viens1 the Deep Elf Fire Elementalist began the quest for
                  | the Orb.
     0 | D:1      | Reached XP level 1. HP: 10/10 MP: 6/6
   347 | D:1      | Reached XP level 2. HP: 15/15 MP: 6/8
   804 | D:1      | Reached XP level 3. HP: 19/19 MP: 6/10
  1118 | D:1      | Found a glowing golden altar of the Shining One.
  1760 | D:2      | Noticed Terence
  1769 | D:2      | Killed Terence
  1769 | D:2      | Reached XP level 4. HP: 23/24 MP: 2/12
  1899 | D:2      | Found a basalt altar of Yredelemnul.
  2079 | D:2      | Noticed Jessica
  2083 | D:2      | Killed Jessica
  2083 | D:2      | Reached XP level 5. HP: 21/28 MP: 9/14
  2819 | D:3      | Found an opulent altar of Gozag.
  3107 | D:3      | Reached skill level 5 in Spellcasting
  3123 | D:3      | Found a glowing drain.
  3140 | Sewer    | Entered a sewer
  3474 | Sewer    | Reached skill level 5 in Fire Magic
  3474 | Sewer    | Reached XP level 6. HP: 32/32 MP: 10/16
  3611 | Sewer    | Learned a level 4 spell: Sticky Flame
  3617 | Sewer    | Learned a level 5 spell: Fireball
  5014 | D:4      | Reached XP level 7. HP: 30/36 MP: 13/18
  5516 | D:4      | Found an ornate altar of the Wu Jian Council.
  5520 | D:4      | You fall into a shaft and drop 2 floors!
  5528 | D:6      | Found an ancient bone altar of Kikubaaqudgha.
  5647 | D:5      | Entered Level 5 of the Dungeon
  5647 | D:5      | Noticed Menkaure
  5651 | D:5      | Killed Menkaure
  5651 | D:5      | Reached skill level 1 in Fighting
  5651 | D:5      | Reached skill level 1 in Shields
  5651 | D:5      | Reached skill level 5 in Conjurations
  5659 | D:5      | Noticed Pikel
  5681 | D:5      | Found a blossoming altar of Fedhas.
  5715 | D:5      | Noticed Sigmund
  5722 | D:5      | Found a white marble altar of Elyvilon.
  5734 | D:5      | Got a brightly glowing leather armour
  5923 | D:6      | Noticed Blork the orc
  5945 | D:6      | HP: 1/38 [something (10)]
  5952 | D:6      | Killed from afar by Blork the orc

Levels and vault maps discovered:
D:1:      kennysheep_arrival_seaside, layout_basic, tso_metal_star
D:2:      minmay_angry_zag, layout_basic, lemuel_round_altar, uniq_terence,
          uniq_jessica
D:3:      layout_basic, portal_sewer_entry_a, grunt_gozag_breadcrumbs
D:4:      layout_basic, lemuel_doored_altar, lemuel_round_altar
D:5:      layout_basic, elyvilon_altar_3, first_ration, basic_altar, hex_large,
          uniq_edmund, uniq_menkaure, uniq_pikel, uniq_crazy_yiuf_cottage,
          uniq_sigmund
D:6:      layout_gridville, nicolae_overflow_crystal_walls, uniq_blork_the_orc

Skill      XL: |  1  2  3  4  5  6  7 |
---------------+----------------------+-----
Conjurations   | 2 3 4 5 |  5.1
Fire Magic     | 4 5 6 |  6.2
Spellcasting   | 4 5 6 |  6.7
Dodging        | 3 |  3.3
Fighting       | 1 |  1.2
Shields        | 1 |  1.3
Stealth        | |  2.4

Action                   |  1- 3 |  4- 6 |  7- 9 || total
-------------------------+-------+-------+-------++-------
Melee: Unarmed           |     8 |       |       ||     8
       Dagger            |    33 |   123 |    15 ||   171
 Cast: Foxfire           |    65 |   137 |    74 ||   276
       Sticky Flame      |       |     3 |       ||     3
  Use: Scroll            |       |     3 |     2 ||     5
       Potion            |       |       |     5 ||     5
 Stab: Sleeping          |     1 |     2 |       ||     3
  Eat: Chunk             |     3 |    10 |     3 ||    16
Armor: Robe              |    24 |    18 |     3 ||    45
Dodge: Dodged            |    65 |    86 |    16 ||   167
Block: Buckler           |       |       |     5 ||     5

Table legend:
 A = Non-vault XP
 B = Vault XP
 C = Vault XP percentage of total XP
 D = Non-vault monster count
 E = Vault monster count
 F = Vault count percentage of total count
                 A         B        C        D         E       F
            +---------+---------+-------+---------+---------+-------
      Total |     668 |     606 |  47.6 |     109 |      24 |  18.0
            +---------+---------+-------+---------+---------+-------
        D:1 |      49 |       0 |   0.0 |      27 |       0 |   0.0
        D:2 |     105 |      87 |  45.3 |      19 |       6 |  24.0
        D:3 |      81 |       4 |   4.7 |      33 |       4 |  10.8
        D:4 |     267 |       0 |   0.0 |      24 |       0 |   0.0
        D:5 |      38 |     175 |  82.2 |       2 |       1 |  33.3
        D:6 |     128 |       0 |   0.0 |       4 |       0 |   0.0
      Sewer |       0 |     340 | 100.0 |       0 |      13 | 100.0
            +---------+---------+-------+---------+---------+-------
